 Dungeon Crawl Stone Soup version 0.22-a0-417-g1387785 (webtiles) character file.

584 Gaball the Poker (level 7, 0/52 HPs)
             Began as a Formicid Abyssal Knight on May 14, 2018.
             Was a Priest of Lugonu.
             Succumbed to a water moccasin's poison
             ... on level 5 of the Dungeon.
             The game lasted 00:12:40 (5860 turns).

Gaball the Poker (Formicid Abyssal Knight)          Turns: 5860, Time: 00:12:41

Health: 0/52       AC:  9    Str: 19      XL:     7   Next: 64%
Magic:  8/9        EV:  7    Int: 11      God:    Lugonu [***...]
Gold:   191        SH:  2    Dex:  8 (10) Spells: 6/6 levels left

rFire    . . .     SeeInvis +   a - +1 spear
rCold    . . .     Gourm    .   e - +0 buckler
rNeg     . . .     Faith    .   j - +0 chain mail
rPois    .         Spirit   .   (helmet unavailable)
rElec    .         Reflect  .   (no cloak)
rCorr    .         Harm     .   (no gloves)
MR       .....                  k - +0 pair of boots
Stlth    ..........             (no amulet)
HPRegen  0.17/turn              (no ring)
MPRegen  0.11/turn              m - +1 ring of evasion

@: lethally poisoned (0 -> -15)
A: permanent stasis, dig shafts and tunnels, four strong arms, antennae 3
a: Dig, Shaft Self, Depart the Abyss, Bend Space, Banish, Renounce Religion


You were on level 5 of the Dungeon.
You worshipped Lugonu.
Lugonu was most pleased with you.
You were very hungry.

You visited 1 branch of the dungeon, and saw 5 of its levels.
You visited the Abyss 1 time.

You collected 191 gold pieces.

Inventory:

Hand Weapons
 a - a +1 spear (weapon)
Armour
 b - a +0 leather armour
 e - a +0 buckler (worn)
 j - a +0 chain mail (worn)
 k - a +0 pair of boots (worn)
Jewellery
 d - a +4 ring of intelligence {unknown}
 m - a +1 ring of evasion (right hand)
Wands
 l - a wand of iceblast (8)
 q - a wand of flame (12)
Scrolls
 g - 3 scrolls of enchant armour
 h - a scroll of teleportation
 i - a scroll of amnesia
 n - a scroll of blinking {unknown}
 o - 4 scrolls of random uselessness
 p - a scroll of remove curse
Potions
 s - a potion of might
Comestibles
 c - 9 rations


   Skills:
 - Level 3.2 Fighting
 + Level 7.7 Polearms
 - Level 2.1 Armour
 - Level 0.8 Dodging
 + Level 3.0 Invocations


You had 6 spell levels left.
You didn't know any spells.
Your spell library was empty.

Dungeon Overview and Level Annotations

Branches:
Dungeon (5/15)             Temple (0/1) D:5

Altars:
Ashenzari
Cheibriados
Dithmenos
Hepliaklqana
Okawaru
Trog
Vehumet
Xom
The Shining One

Annotations:
D:4 Eustachio


Innate Abilities, Weirdness & Mutations

You cannot be hasted, slowed, berserked, paralysed or teleported.
You can dig through walls and to a lower floor.
Your four strong arms can wield two-handed weapons with a shield.
You have a pair of large antennae on your head. (SInv)


Message History

The crimson imp hits you but does no damage.
Okay, then.
Evoke which item? (* to show all) (? for menu, Esc to quit)
Okay, then.
Okay, then.
You closely miss the crimson imp.
* * * LOW HITPOINT WARNING * * *
You feel sick.
The crimson imp blinks!
* * * LOW HITPOINT WARNING * * *
You feel sick.
Okay, then.
As you read the scroll labeled JUOZA MAUGIEQ, it crumbles to dust.
You assume a fearsome visage.
The crimson imp is unaffected.
It was a scroll of fear.
* * * LOW HITPOINT WARNING * * *
You feel sick.
The crimson imp blinks!
As you read the scroll labeled AMUC ALAKOMNINK, it crumbles to dust.
You feel aware of your surroundings.
You sensed 1 altar.
It was a scroll of magic mapping.
You die...

##* ##%#* *#...###** ###
**.......,* ##.## #####
*,,,.....,*##...######...#
**,,,,...,*#.............#
**,,,*#.####....#####...###
**,**#.ยง.@.....# ##.....
*,* #######.### #.###.
*,*** #.# #.# #. *,,,*
*#+#* #.###. *,*,* **,,,**
#...#. *,,,* **,,,,,**
#.#.#. **,,** **,,,,,,,**
#.....
**,,,****,,,,,,,,,####...##
*,,,,,,,+,,,,,,,,,+........


There were no monsters in sight!

Vanquished Creatures
  A water moccasin (D:5)
  A crimson imp (D:3)
  A quasit (D:2)
  An orc priest (D:4)
  A hound (D:5)
  3 orc wizards (D:4)
  2 worker ants (D:4)
  Robin (D:3)
  2 gnolls (D:3)
  7 adders
  An ooze (D:3)
  A worm (D:2)
  3 dart slugs
  2 leopard geckos
  14 orcs
  2 ball pythons
  11 bats
  5 giant cockroaches
  13 goblins
  8 hobgoblins
  5 jackals
  11 kobolds
  A quokka (D:5)
  5 frilled lizards
  A leopard gecko skeleton (D:4)
  9 rats
112 creatures vanquished.

Notes
Turn   | Place    | Note
-------+----------+-------------------------------------------
     0 | Abyss:1  | Gaball the Formicid Abyssal Knight began the quest for the Orb.
     0 | Abyss:1  | Reached XP level 1. HP: 18/18 MP: 2/2
   102 | Abyss:1  | Noticed a small abomination
   120 | D:1      | Escaped the Abyss
   308 | D:1      | Reached XP level 2. HP: 23/24 MP: 3/3
   366 | D:1      | Reached * piety under Lugonu
   813 | D:1      | Reached skill level 3 in Polearms
   930 | D:2      | Reached XP level 3. HP: 13/29 MP: 4/4
  1395 | D:2      | HP: 1/29 [poisoned by an adder]
  1641 | D:2      | Reached skill level 4 in Polearms
  1641 | D:2      | Reached XP level 4. HP: 29/35 MP: 5/5
  1909 | D:2      | Found a shadowy altar of Dithmenos.
  2084 | D:2      | Found a glowing golden altar of the Shining One.
  2207 | D:2      | Found a shattered altar of Ashenzari.
  2356 | D:2      | Reached skill level 5 in Polearms
  2356 | D:2      | Reached XP level 5. HP: 4/41 MP: 6/6
  2632 | D:3      | Found a bloodstained altar of Trog.
  2653 | D:3      | Reached ** piety under Lugonu
  2750 | D:3      | Found a snail-covered altar of Cheibriados.
  2854 | D:3      | Reached XP level 6. HP: 36/47 MP: 7/7
  3326 | D:3      | Noticed Robin
  3386 | D:2      | Reached skill level 6 in Polearms
  3487 | D:3      | Found a hazy altar of Hepliaklqana.
  3558 | D:3      | Found a shimmering altar of Xom.
  3763 | D:3      | Found an iron altar of Okawaru.
  3802 | D:3      | Killed Robin
  3805 | D:3      | Reached *** piety under Lugonu
  4305 | D:4      | Found a radiant altar of Vehumet.
  4953 | D:4      | Reached skill level 7 in Polearms
  4953 | D:4      | Reached XP level 7. HP: 46/52 MP: 8/8
  5325 | D:5      | Entered Level 5 of the Dungeon
  5534 | D:5      | Noticed Eustachio
  5699 | D:5      | Found a shimmering altar of Xom.
  5741 | D:5      | Found a staircase to the Ecumenical Temple.
  5822 | D:5      | Noticed a water moccasin
  5855 | D:5      | Killed a water moccasin
  5859 | D:5      | HP: 1/52 [poisoned by a water moccasin]
  5860 | D:5      | Succumbed to a water moccasin's poison

Vault maps used:
D:1:      onia_arrival_handbag, minmay_tree_intersection
D:2:      nicolae_overflow_hidden_temple, grunt_dithmenos_smoke_and_mirrors,
          nicolae_overflow_crystal_walls, first_ration
D:3:      lemuel_round_altar, kennysheep_slug_shrine, old_standard_altar,
          okawaru_altar_gauntlet_db, trog_three_pillars_becter, uniq_robin
D:4:      vehumet_altar_wand_db
D:5:      kennysheep_mini_moat, minmay_temple_entry_glassed_door,
          xom_teletrap_fun, uniq_eustachio

Skill      XL: |  1  2  3  4  5  6  7 |
---------------+----------------------+-----
Polearms       | 3 4 5 7 |  7.7
Invocations    | 3 |  3.0
Fighting       | |  3.2
Armour         | |  2.1
Dodging        | |  0.8

Action                   |  1- 3 |  4- 6 |  7- 9 || total
-------------------------+-------+-------+-------++-------
Melee: Spear             |    96 |   424 |    89 ||   609
Invok: Depart the Abyss  |     1 |       |       ||     1
  Use: Potion            |       |     2 |       ||     2
       Scroll            |       |     8 |     2 ||    10
 Stab: Sleeping          |     2 |       |       ||     2
  Eat: Chunk             |     2 |    11 |     2 ||    15
Armor: Leather armour    |    24 |    68 |       ||    92
       Skin              |       |   133 |       ||   133
       Chain mail        |       |    52 |    64 ||   116
Dodge: Dodged            |    37 |   150 |    40 ||   227
Block: Buckler           |     5 |    37 |    18 ||    60

Table legend:
 A = Spawn XP
 B = Non-spawn XP
 C = Spawn XP percentage of total XP
 D = Spawn monster count
 E = Non-spawn monster count
 F = Spawn count percentage of total count
 G = Total turns spent on level
                    A         B        C        D         E        F      G
               +---------+---------+-------+---------+---------+-------+---------
         Total |       0 |     835 |   0.0 |       0 |     112 |   0.0 |  5860
               +---------+---------+-------+---------+---------+-------+---------
           D:1 |       0 |      27 |   0.0 |       0 |      18 |   0.0 |   790
           D:2 |       0 |     160 |   0.0 |       0 |      30 |   0.0 |  1914
           D:3 |       0 |     164 |   0.0 |       0 |      36 |   0.0 |  1315
           D:4 |       0 |     287 |   0.0 |       0 |      23 |   0.0 |  1380
           D:5 |       0 |     197 |   0.0 |       0 |       5 |   0.0 |   341
               +---------+---------+-------+---------+---------+-------+---------
